Map: Zarośnięta placówka

Players

Muyduro

  • Race: Protoss Protoss
  • Spawn Location: 7:00

kokoc

  • Race: Terran Terran
  • Spawn Location: 9:00

stresss - Winner!

  • Race: Protoss Protoss
  • Spawn Location: 3:00

Legol - Winner!

  • Race: Protoss Protoss
  • Spawn Location: 1:00

VOD

Have the link to the VOD?

Description

Time

  • Played on: Dec. 26, 2019, 1:57 p.m.
  • Length: 7:58
Show
View Real Time Build Order
Export as new Build Order

Muyduro Protoss 

Build Orders:  

Get SALT Encoding   

  12  0:09  Pylon  
  12  0:14  Probe (Chrono Boost)  
  13  0:24  Probe (Chrono Boost)  
  14  0:34  Forge  
  14  0:58  Pylon  
  14  1:00  Probe  
  15  1:09  Pylon  
  15  1:15  Probe (Chrono Boost)  
  16  1:23  Photon Cannon  
  16  1:30  Photon Cannon  
  16  1:40  Pylon  
  16  1:43  Probe  
  17  1:54  Pylon  
  17  2:00  Pylon  
  17  2:13  Photon Cannon  
  17  2:16  Pylon  
  17  2:27  Photon Cannon  
  17  2:39  Photon Cannon  
  17  2:53  Photon Cannon  
  17  2:59  Photon Cannon  
  17  3:03  Probe (Chrono Boost)  
  18  3:14  Pylon  
  18  3:33  Photon Cannon  
  17  3:38  Assimilator  
  17  3:43  Probe (Chrono Boost)  
  17  3:45  Photon Cannon  
  18  3:52  Photon Cannon  
  18  4:01  Photon Cannon  
  18  4:08  Pylon  
  18  4:15  Probe  
  19  4:20  Assimilator  
  19  4:31  Gateway  
  19  4:40  Photon Cannon  
  19  4:48  Probe (Chrono Boost)  
  19  5:07  Photon Cannon  
  19  5:19  Cybernetics Core  
  19  5:22  Probe (Chrono Boost)  
  20  5:29  Pylon  
  20  5:33  Photon Cannon  
  20  5:37  Probe (Chrono Boost)  
  21  5:57  Stargate  
  21  6:35  Nexus  
  21  6:39  Photon Cannon  
  21  6:45  Photon Cannon  
  21  7:04  Pylon  
  21  7:11  Pylon  
  21  7:19  Void Ray (Chrono Boost)  
  24  7:25  Probe  
Show
View Real Time Build Order
Export as new Build Order

kokoc Terran 

Build Orders:  

Get SALT Encoding   

  12  0:06  SCV  
  13  0:18  SCV  
  14  0:30  Supply Depot  
  14  0:31  SCV  
  15  0:46  Refinery  
  15  0:51  SCV  
  15  0:53  Barracks  
  16  1:03  SCV  
  17  1:11  Refinery  
  17  1:31  SCV  
  18  1:42  Supply Depot, Marine  
  18  1:44  SCV  
  20  1:56  SCV  
  20  2:00  Marine  
  22  2:05  Supply Depot  
  22  2:43  Orbital Command  
  22  3:15  SCV  
  23  3:24  Barracks  
  23  3:27  SCV  
  23  3:34  Marine  
  23  3:39  SCV  
  25  3:52  Marine  
  26  3:59  Factory  
  24  4:40  Bunker  
  23  4:48  Factory Tech Lab  
  23  4:51  Marine  
  24  5:09  Marine  
  24  5:11  Supply Depot  
  24  5:24  Siege Tank  
  27  5:31  SCV  
  27  5:34  Supply Depot  
  28  5:38  Starport  
  28  5:43  SCV  
  29  5:55  Supply Depot  
  29  5:56  Siege Tank  
  32  6:01  Command Center  
  29  6:40  Cyclone  
  29  7:15  Siege Tank  
Show
View Real Time Build Order
Export as new Build Order

stresss Protoss - Winner!

Build Orders:  

Get SALT Encoding   

  12  0:01  Probe  
  13  0:17  Pylon  
  13  0:19  Probe (Chrono Boost)  
  14  0:31  Probe (Chrono Boost)  
  15  0:37  Probe (Chrono Boost)  
  15  0:39  Gateway  
  16  0:46  Probe  
  17  0:51  Assimilator  
  17  0:57  Assimilator  
  17  1:01  Probe (Chrono Boost)  
  19  1:13  Probe (Chrono Boost)  
  19  1:18  Probe (Chrono Boost)  
  19  1:24  Pylon  
  20  1:27  Probe  
  20  1:28  Cybernetics Core  
  21  1:39  Probe  
  22  1:49  Pylon  
  22  1:51  Probe  
  23  2:06  Twilight Council  
  23  2:14  Stalker (Chrono Boost)  
  25  2:26  Warp Gate  
  25  2:35  Stalker  
  27  2:50  Robotics Facility  
  27  3:05  Stalker  
  29  3:17  Pylon  
  29  3:42  Immortal (Chrono Boost)  
  29  4:14  Immortal  
  33  4:21  Gateway  
  33  4:23  Stalker  
  31  5:33  Stalker x2  
  35  5:49  Nexus, Gateway  
  35  5:53  Gateway  
  35  5:55  Pylon  
  31  6:34  Pylon  
  31  6:44  Dark Shrine  
  31  6:51  Assimilator  
  23  6:54  Assimilator  
  23  6:57  Stalker x2  
  23  6:58  Stalker x2  
  31  7:08  Pylon  
  31  7:29  Stalker x4  
  39  7:53  Stalker x2  
Show
View Real Time Build Order
Export as new Build Order

Legol Protoss - Winner!

Build Orders:  

Get SALT Encoding   

  12  0:01  Probe  
  13  0:13  Probe  
  14  0:20  Pylon  
  14  0:26  Probe  
  15  0:38  Probe (Chrono Boost)  
  15  0:39  Gateway  
  17  0:50  Probe (Chrono Boost)  
  17  0:58  Assimilator  
  17  0:59  Probe (Chrono Boost)  
  18  1:10  Probe  
  19  1:22  Probe  
  20  1:34  Cybernetics Core  
  20  1:42  Probe (Chrono Boost)  
  21  1:47  Assimilator  
  21  1:51  Probe (Chrono Boost)  
  22  1:56  Probe (Chrono Boost)  
  23  2:01  Pylon  
  23  2:23  Stalker (Chrono Boost)  
  23  2:34  Gateway  
  22  2:54  Pylon  
  22  2:57  Pylon  
  22  3:04  Pylon  
  24  3:18  Stalker (Chrono Boost)  
  24  3:34  Gateway  
  24  3:35  Gateway  
  24  3:57  Stalker (Chrono Boost)  
  30  4:31  Cybernetics Core  
  30  4:32  Stalker x2 (Chrono Boost)  
  26  4:45  Stalker  
  28  4:53  Gateway  
  28  5:18  Stalker  
  30  5:34  Warp Gate  
  30  5:38  Stalker  
  30  5:39  Stalker  
  30  5:41  Stalker  
  36  5:47  Probe (Chrono Boost)  
  37  5:53  Stalker  
  39  6:01  Pylon  
  39  6:19  Probe  
  40  6:31  Probe  
  41  6:33  Stalker x3  
  47  7:04  Pylon, Nexus  
  47  7:06  Pylon  
  47  7:32  Stalker x3  
  47  7:33  Stalker  
Tags
 
Add a new tag
Caveats
  • Supply blocks, unpowered buildings, or Contaminate may cause inaccurate times.
  • Supply counts are checked every 10 seconds.